[Event "Team 45 45 League T31"]
[Site "Internet Chess Club"]
[Date "2006.06.28"]
[Round "1"]
[White "clarinetref"]
[Black "jacknor"]
[Result "0-1"]
[WhiteElo "1511"]
[BlackElo "1549"]
[TimeControl "2700+45"]

1. Nf3 Nf6 2. g3 b6 3. Bg2 Bb7 4. c4 e6 5. b3 Be7 6. Bb2 O-O 7. O-O c5 8. e3 d5
9. cxd5 Bxd5 10. Nc3 Bb7 11. Qc2 Nbd7 12. Ne2 h6 13. d4 cxd4 14. Nexd4 Rc8 15.
Qd2 Ba6 16. Rfd1 Nc5 17. Ne5 Nce4 18. Qe1 Bd6 19. Nec6 Qc7 20. Rac1 Bb7 21. Nxa7
Qb8 22. Nxc8 Rxc8 23. Rxc8+ Qxc8 24. Nb5 Be7 25. Rc1 Qa8 26. a4 Bc5 27. Bd4 Ng5
28. Qf1 Nf3+ 29. Bxf3 Bxf3 30. Bxc5 bxc5 31. Rxc5 Ne4 32. Re5 Nd2 33. Qe1 Bh1
34. e4 Nf3+ 35. Kxh1 Nxe1 36. Nc7 Qb7 37. Nb5 Nd3 38. Nd6 Qb6 39. Rb5 Qxf2
{White resigns} 0-1  aics%

[Event "Team 45 45 League T31"]
[Site "Internet Chess Club"]
[Date "2006.06.25"]
[Round "1"]
[White "EyeAm"]
[Black "Just-Jim"]
[Result "1-0"]
[WhiteElo "1333"]
[BlackElo "1356"]
[TimeControl "2700+45"]

1. e4 e5 2. Nf3 Nc6 3. Bc4 h6 4. d4 exd4 5. Nxd4 Bc5 6. Bxf7+ Kxf7 7. Qh5+ g6 8.
Qxc5 Nce7 9. O-O b6 10. Qc4+ Kg7 11. Bf4 c5 12. Nf3 Nf6 13. Be5 d6 14. Bxf6+
Kxf6 15. Qc3+ Kf7 16. Nbd2 Be6 17. b3 Rf8 18. Rad1 Nc6 19. Rfe1 Nb4 20. a3 Nc6
21. Nc4 Bxc4 22. Qxc4+ Kg7 23. Qc3+ Kh7 24. e5 Qe7 25. exd6 Qf7 26. b4 Qf6 27.
Qxf6 Rxf6 28. b5 Na5 29. Re7+ Kg8 30. d7 Rff8 31. Rd6 Nc4 32. Rxg6+ Kh8 33.
Rxh6+ Kg8 34. Nh4 Rad8 35. Rhe6 Na5 36. Ng6 Nb7 37. Nxf8 Rxf8 38. Re8 Kf7 39.
Rxf8+ Kxe6 40. d8=Q Nxd8 41. Rxd8 Ke7 42. Rd2 Ke6 43. h4 Ke5 44. h5 Kf5 45. h6
Kg6 46. h7 Kxh7 47. g4 Kg6 48. f3 Kg5 49. Kg2 c4 50. c3 Kf4 51. Rd4+ Ke5 52.
Rxc4 Kd5 53. Re4 Kc5 54. g5 Kxb5 55. g6 a5 56. g7 Ka6 57. g8=Q b5 58. Re6+ Kb7
59. Qf7+ {Black resigns} 1-0  aics%  isolani(71): Si no puedes escribir
correctamente el idioma pues no eres bilingue. aics%

[Event "Team 45 45 League T31"]
[Site "Internet Chess Club"]
[Date "2006.07.01"]
[Round "1"]
[White "rayngrant"]
[Black "Klampin"]
[Result "0-1"]
[WhiteElo "1634"]
[BlackElo "1823"]
[TimeControl "2700+45"]

1. e4 c6 2. d4 d5 3. Nc3 dxe4 4. Nxe4 Bf5 5. Ng3 Bg6 6. Nf3 Nd7 7. Bd3 Bxd3 8.
Qxd3 Ngf6 9. O-O e6 10. Re1 Be7 11. Bg5 h6 12. Bf4 Qb6 13. b3 Nd5 14. Bd2 O-O
15. a3 c5 16. c4 N5f6 17. d5 Qd6 18. Qe3 Ng4 19. Qe2 Bf6 20. Rad1 exd5 21. cxd5
Rac8 22. h3 Nge5 23. Ne4 Nxf3+ 24. Qxf3 Qxd5 25. Nxf6+ Nxf6 26. Qxd5 Nxd5 27.
Bxh6 Rfd8 28. Bd2 Rd7 29. Be3 b5 30. Re2 c4 31. bxc4 bxc4 32. Bxa7 Rxa7 33. Rxd5
Rxa3 34. Rc2 c3 35. Rd3 f6 36. f4 Kf7 37. Kf2 Rb3 38. Kf3 Ke6 39. g4 f5 40. Ke3
Ra3 41. Kd4 Ra4+ 42. Ke3 Rac4 43. Rd4 R4c5 44. Kd3 Rh8 45. gxf5+ Kxf5 46. Rh2 c2
{White resigns} 0-1  aics%

[Event "Team 45 45 League T31"]
[Site "Internet Chess Club"]
[Date "2006.06.26"]
[Round "1"]
[White "Kenzo2"]
[Black "NESKAYA"]
[Result "1-0"]
[WhiteElo "1654"]
[BlackElo "1617"]
[TimeControl "2700+45"]

1. c4 e5 2. g3 Bc5 3. Bg2 Nf6 4. e3 O-O 5. Ne2 c6 6. a3 d5 7. b4 Be7 8. cxd5
cxd5 9. O-O a6 10. Bb2 Nc6 11. d4 e4 12. Nbc3 b5 13. Nf4 Bb7 14. Qb3 Na7 15. a4
bxa4 16. Nxa4 Nb5 17. Nc5 Qb6 18. Bc3 Rac8 19. Bd2 Na7 20. Rfb1 Rfd8 21. Bf1 Rc6
22. b5 Nxb5 23. Ba5 Qa7 24. Bxd8 Bxd8 25. Qxb5 Rb6 26. Qa4 Rxb1 27. Rxb1 Be7 28.
Rxb7 {Black resigns} 1-0  aics%

[Event "Team 45 45 League T31"]
[Site "Internet Chess Club"]
[Date "2006.06.25"]
[Round "1"]
[White "mfunk"]
[Black "Attacktics"]
[Result "1-0"]
[WhiteElo "1564"]
[BlackElo "1380"]
[TimeControl "2700+45"]

1. c4 g6 2. Nc3 Bh6 3. d4 Bg7 4. Nf3 e6 5. e4 Ne7 6. Bf4 O-O 7. Be2 d6 8. O-O
Nbc6 9. e5 Nf5 10. Ne4 d5 11. cxd5 Qxd5 12. Nc3 Qa5 13. Rc1 Rd8 14. Be3 Qb4 15.
Nb5 a6 16. Nxc7 Rb8 17. d5 Nxe3 18. fxe3 exd5 19. Nxd5 Qxb2 20. Rxc6 Rxd5 21.
Qxd5 bxc6 22. Qd8+ Bf8 23. Bc4 Be6 24. Qd3 Bxc4 25. Qxc4 Qb5 26. Qf4 Qd5 27. Ng5
Rb7 28. e6 h6 29. exf7+ Kg7 30. Qf6# {Black checkmated} 1-0  aics%

[Event "Team 45 45 League T31"]
[Site "Internet Chess Club"]
[Date "2006.06.24"]
[Round "1"]
[White "moreffee"]
[Black "cwberkey"]
[Result "0-1"]
[WhiteElo "1391"]
[BlackElo "1539"]
[TimeControl "2700+45"]

1. e4 g6 2. d4 Bg7 3. Nf3 d6 4. c4 b6 5. Nc3 Bb7 6. d5 Nd7 7. Qc2 Nc5 8. b4 Nxe4
9. Bb2 Bxc3+ 10. Bxc3 Nxc3 11. Qxc3 Nf6 12. Be2 e6 13. Rf1 exd5 14. Rh1 O-O 15.
O-O-O Ne4 16. Qd4 c5 17. bxc5 dxc5 18. Qe3 Qf6 19. Nd4 cxd4 20. Qxd4 Qxd4 21.
Rxd4 Nc3 22. Bf3 dxc4 23. Rxc4 Bxf3 24. gxf3 Rac8 25. Rxc8 Rxc8 26. Kb2 Na4+ 27.
Kb3 Nc5+ 28. Kb2 Nd3+ 29. Kb3 Nxf2 30. Rd1 {White resigns} 0-1  aics%

[Event "Team 45 45 League T31"]
[Site "Internet Chess Club"]
[Date "2006.06.25"]
[Round "1"]
[White "reinaroja"]
[Black "Gregorio"]
[Result "1/2-1/2"]
[WhiteElo "2165"]
[BlackElo "2122"]
[TimeControl "2700+45"]

1. e4 e5 2. Nf3 Nc6 3. Bb5 a6 4. Ba4 Nf6 5. O-O d6 6. Re1 b5 7. Bb3 Na5 8. d4
Nxb3 9. axb3 Bg4 10. dxe5 Bxf3 11. Qxf3 dxe5 12. Qg3 Qd6 13. Nc3 c6 14. f4 Nh5
15. fxe5 Qc5+ 16. Qf2 Qxe5 17. Be3 Bd6 18. g3 O-O 19. Bd4 Qe6 20. Qe2 Qg6 21. e5
Bb4 22. Qg2 Qe6 23. Qf2 Rfd8 24. Re2 Bxc3 25. Bxc3 Rd5 26. Qb6 {Game drawn by
mutual agreement} 1/2-1/2  aics%

[Event "Team 45 45 League T31"]
[Site "Internet Chess Club"]
[Date "2006.06.24"]
[Round "1"]
[White "bobhill"]
[Black "MiroslavR"]
[Result "0-1"]
[WhiteElo "2002"]
[BlackElo "1978"]
[TimeControl "2700+45"]

1. d4 Nf6 2. Nf3 g6 3. Bg5 Bg7 4. Nbd2 O-O 5. e4 d6 6. c3 c5 7. Qc2 cxd4 8. cxd4
h6 9. Bh4 Nh5 10. Bc4 Nc6 11. d5 Ne5 12. Nxe5 Bxe5 13. O-O g5 14. Bg3 Nxg3 15.
hxg3 Qb6 16. Rab1 Bxg3 17. Be2 Be5 18. Nc4 Qc7 19. Qd3 f5 20. Qh3 Bg7 21. Rbc1
fxe4 22. Qe3 Bf5 23. g4 Bh7 24. b4 Qd7 25. Nd2 Rf4 26. Rc4 Be5 27. Rfc1 Raf8 28.
Rc7 Rxg4+ 29. Bxg4 Qxg4+ 30. Kf1 Bf4 31. Qc3 e3 32. Rxe7 Qh3+ 33. Ke2 Qg4+ 34.
Nf3 Be5 35. Qxe3 Be4 36. Rxb7 Bxf3+ 37. Kd3 Qf5+ 38. Kc4 Rc8+ 39. Kb5 Bxd5 40.
Rbc7 Rb8+ 41. Ka4 a5 42. a3 axb4 43. axb4 Ra8+ 44. Ra7 Qd7+ 45. b5 Rxa7+ 46. Kb4
Bf4 47. Rc8+ Qxc8 48. Qxa7 Qc4+ 49. Ka5 Bd2+ 50. Ka6 Qa4+ 51. Kb6 Qxa7+ {White
resigns} 0-1  aics%

[Event "Team 45 45 League T31"]
[Site "Internet Chess Club"]
[Date "2006.06.28"]
[Round "1"]
[White "Klampin"]
[Black "baumhauer"]
[Result "0-1"]
[WhiteElo "1836"]
[BlackElo "1983"]
[TimeControl "2700+45"]

1. d4 Nf6 2. Nf3 e6 3. Bg5 h6 4. Bh4 b6 5. e3 Bb7 6. Nbd2 d6 7. Bd3 Nbd7 8. Qe2
Be7 9. c3 Nh5 10. Bxe7 Qxe7 11. a3 Ndf6 12. Bc2 g5 13. h3 Nd7 14. Ne4 f5 15.
Ned2 Nhf6 16. e4 fxe4 17. Nxe4 O-O-O 18. a4 e5 19. dxe5 Nxe5 20. Nd4 Rde8 21.
O-O-O Kb8 22. Nf5 Qf7 23. Nxf6 Qxf6 24. Qb5 Bxg2 25. Rhe1 Bxh3 26. Nd4 Bd7 27.
Qa6 Bc8 28. Qb5 Bb7 29. a5 a6 30. Qb3 Qf4+ 31. Kb1 b5 32. f3 Nc4 33. Ne6 Qf6 34.
Nd4 Rxe1 {White resigns} 0-1  aics%

[Event "Team 45 45 League T31"]
[Site "Internet Chess Club"]
[Date "2006.06.25"]
[Round "1"]
[White "room-matt"]
[Black "rayonline53"]
[Result "1-0"]
[WhiteElo "1863"]
[BlackElo "1633"]
[TimeControl "2700+45"]

1. e4 e5 2. Bc4 Nc6 3. Nc3 Nf6 4. d3 Na5 5. Qf3 Nxc4 6. dxc4 Be7 7. Nd5 Nxd5 8.
cxd5 d6 9. Ne2 c5 10. Ng3 O-O 11. O-O Bd7 12. a4 Qc8 13. Qd3 f5 14. b3 f4 15.
Ne2 Kh8 16. Bb2 Bf6 17. f3 g5 18. Nc3 a6 19. a5 Qe8 20. Na4 Bd8 21. Qd2 Bf6 22.
Nb6 Bd8 23. Nxa8 {Black resigns} 1-0  aics%

[Event "Team 45 45 League T31"]
[Site "Internet Chess Club"]
[Date "2006.06.22"]
[Round "1"]
[White "NFork"]
[Black "BaroneRosso"]
[Result "1-0"]
[WhiteElo "2161"]
[BlackElo "2037"]
[TimeControl "2700+45"]

1. e4 c5 2. g3 Nc6 3. Bg2 g6 4. c3 Bg7 5. f4 d6 6. Nf3 e6 7. O-O Nge7 8. Na3 O-O
9. d4 cxd4 10. cxd4 d5 11. e5 Nf5 12. g4 Nh4 13. Nxh4 Qxh4 14. g5 h6 15. Nc2 Ne7
16. Rf3 Qh5 17. Qd3 hxg5 18. fxg5 Nf5 19. Bf4 Bd7 20. Raf1 Rfc8 21. Rh3 Qg4 22.
Ne3 Nxe3 23. Bxe3 Rc7 24. Rg3 Qh5 25. Rh3 Qg4 26. Rf4 Qxg5 27. Rxf7 Qg4 28. Rg3
Qh5 29. Rg5 Kxf7 30. Rxh5 gxh5 31. Bf3 Rh8 32. Qe2 Kg6 33. Bxh5+ Rxh5 34. Qg4+
Kf7 35. Qxh5+ Kg8 36. Qg6 Bc8 37. h4 Kf8 38. Kh2 Rf7 39. Bg5 Rf2+ 40. Kg3 Rf7
41. h5 a6 42. h6 Bxh6 43. Bxh6+ Ke8 44. Qg8+ {Black resigns} 1-0  aics%

[Event "Team 45 45 League T31"]
[Site "Internet Chess Club"]
[Date "2006.06.26"]
[Round "1"]
[White "fhunfi"]
[Black "NoLuckOnlySkill"]
[Result "0-1"]
[WhiteElo "1965"]
[BlackElo "1948"]
[TimeControl "2700+45"]

1. d4 d5 2. Nf3 Nf6 3. c4 c6 4. e3 Bg4 5. Nc3 Nbd7 6. Qb3 Bxf3 7. gxf3 Qb6 8. c5
Qxb3 9. axb3 e5 10. b4 g6 11. Bh3 Bg7 12. O-O O-O 13. b5 a6 14. bxc6 bxc6 15.
Bd2 Rfb8 16. b4 exd4 17. exd4 Rxb4 18. Nxd5 Rxd4 19. Ne7+ Kf8 20. Bc3 Rc4 21.
Bxd7 Rxc3 22. Bxc6 Ra7 23. Nd5 Nxd5 24. Bxd5 Rxc5 25. Rad1 a5 26. Rfe1 Bf6 27.
Ba2 a4 28. Rc1 Rac7 29. Rxc5 Rxc5 30. Re2 a3 31. Kg2 Rb5 32. Kg3 Rb2 33. Rxb2
Bxb2 34. Kf4 f5 35. Kg5 Kg7 36. Kf4 Kf6 37. Ke3 f4+ 38. Kd3 Kg5 39. Be6 Kh4 40.
Ke4 Bc1 41. Kd3 a2 42. Bxa2 Kh3 43. Bg8 h5 44. Bf7 h4 45. Bxg6 Kxh2 46. Ke2 Kg2
47. Bf5 h3 48. Bxh3+ Kxh3 49. Kf1 Kh2 50. Ke2 Kg2 {White resigns} 0-1  aics%

[Event "Team 45 45 League T31"]
[Site "Internet Chess Club"]
[Date "2006.06.25"]
[Round "1"]
[White "bahus"]
[Black "ikalel"]
[Result "1-0"]
[WhiteElo "1924"]
[BlackElo "1898"]
[TimeControl "2700+45"]

1. e4 e5 2. Nf3 Nc6 3. Bb5 a6 4. Ba4 Nf6 5. O-O Nxe4 6. d4 b5 7. Bb3 d5 8. dxe5
Be6 9. c3 Bc5 10. Nbd2 O-O 11. Qe2 f5 12. exf6 Qxf6 13. Nxe4 dxe4 14. Qxe4 Bxb3
15. axb3 Ne7 16. Be3 Bxe3 17. fxe3 Kh8 18. Nd4 Qd6 19. Ne6 Rg8 20. Ng5 {Black
resigns} 1-0  aics%

[Event "Team 45 45 League T31"]
[Site "Internet Chess Club"]
[Date "2006.06.22"]
[Round "1"]
[White "Beetlejuice"]
[Black "jerq"]
[Result "1-0"]
[WhiteElo "1886"]
[BlackElo "1882"]
[TimeControl "2700+45"]

1. d4 Nf6 2. Bg5 e6 3. e3 d5 4. Bd3 c5 5. c3 Nbd7 6. f4 Be7 7. Nd2 b6 8. Ngf3
Bb7 9. O-O Ne4 10. Bxe7 Qxe7 11. Ne5 Nxe5 12. fxe5 O-O 13. Rf4 f5 14. exf6 Nxf6
15. Nf3 Ne4 16. Rxf8+ Rxf8 17. Qe2 Qf6 18. Rf1 Nd6 19. Ne5 Qxf1+ 20. Qxf1 Rxf1+
21. Kxf1 g6 22. Kf2 Nf7 23. Nxf7 Kxf7 24. Kf3 Kf6 25. Kf4 h5 26. h4 Bc6 27. Be2
Ba4 28. Bf3 Bc2 29. e4 dxe4 30. Bxe4 Bxe4 31. Kxe4 cxd4 32. Kxd4 Kf5 33. c4 Kf4
34. b4 e5+ 35. Kd3 e4+ 36. Ke2 e3 37. c5 bxc5 38. bxc5 Ke5 39. Kxe3 Kd5 40. Kf4
Kxc5 41. Kg5 Kb4 42. Kxg6 Ka3 43. Kxh5 Kxa2 44. Kg5 {Black resigns} 1-0  aics%

[Event "Team 45 45 League T31"]
[Site "Internet Chess Club"]
[Date "2006.06.25"]
[Round "1"]
[White "Mutaant"]
[Black "Mississippian"]
[Result "1-0"]
[WhiteElo "1491"]
[BlackElo "1321"]
[TimeControl "2700+45"]

1. e4 d6 2. Nf3 Nf6 3. Nc3 g6 4. Bc4 Bg7 5. d3 Nc6 6. Bg5 Na5 7. Nd2 Nxc4 8.
Nxc4 Be6 9. Ne3 c6 10. Ne2 Nh5 11. g4 Bxg4 12. Nxg4 Qa5+ 13. Qd2 Qb6 14. c3 f6
15. Bh6 Bxh6 16. Nxh6 Ng7 17. Nd4 e5 18. Nb3 Ne6 19. O-O-O d5 20. f3 d4 21. Ng4
Ke7 22. h4 h5 23. Nf2 dxc3 24. bxc3 a5 25. d4 a4 26. Na1 c5 27. d5 Nf4 28. Qb2
Qa7 29. Qb5 Kd6 30. Nd3 Nxd3+ 31. Rxd3 Rhc8 32. Rh2 c4 33. Rdd2 Qg1+ 34. Kb2 a3+
35. Kc2 Qxa1 36. Qb6+ Kd7 37. Qxb7+ Kd8 38. Qb6+ Kd7 39. Qe6+ Kd8 40. Qxf6+ Kd7
41. Qf7+ Kd8 42. d6 Qxa2+ 43. Kd1 Qb3+ 44. Ke2 {Black resigns} 1-0  aics%

[Event "Team 45 45 League T31"]
[Site "Internet Chess Club"]
[Date "2006.06.26"]
[Round "1"]
[White "moreffee"]
[Black "klassact"]
[Result "0-1"]
[WhiteElo "1336"]
[BlackElo "1308"]
[TimeControl "2700+45"]

1. Nf3 Nf6 2. Nc3 g6 3. e4 d6 4. d4 Bg7 5. Bc4 O-O 6. O-O Nbd7 7. Bg5 Qe8 8. Re1
e5 9. Nb5 Qd8 10. dxe5 dxe5 11. Qe2 a6 12. Nc3 h6 13. Bh4 c6 14. Rad1 Qb6 15.
Bb3 Nc5 16. Nxe5 Nxb3 17. axb3 Qc7 18. Bxf6 Bxf6 19. Ng4 Bg7 20. e5 h5 21. Nf6+
Kh8 22. Rd3 Bf5 23. Rd4 Rad8 24. Rh4 Bxf6 25. Rxh5+ gxh5 26. exf6 Bg6 27. Qe3
Kh7 28. Qh3 Rde8 29. Rf1 Qe5 30. Qh4 Re6 31. f4 Qc5+ 32. Kh1 Qd4 33. Rd1 Qxf6
34. Qf2 Qf5 35. h3 Qxc2 36. Rd2 Qf5 37. Kh2 Re7 38. Ne2 Rfe8 39. Ng3 Qb5 40. Qf3
Re3 41. Qd1 Qxb3 42. f5 Rxg3 43. fxg6+ fxg6 44. Rd7+ Kh6 45. Qd2+ Ree3 46. Qd6
Rxg2+ 47. Kxg2 Re2+ 48. Kf1 Qf3+ {White resigns} 0-1  aics%

[Event "Team 45 45 League T31"]
[Site "Internet Chess Club"]
[Date "2006.06.24"]
[Round "1"]
[White "gilalva"]
[Black "wekabird"]
[Result "1/2-1/2"]
[WhiteElo "1223"]
[BlackElo "1215"]
[TimeControl "2700+45"]

1. e4 c6 2. f4 d6 3. d4 g6 4. e5 dxe5 5. fxe5 e6 6. Nf3 Ne7 7. Be2 Nf5 8. Bg5
Be7 9. Bf6 Bxf6 10. exf6 Qxf6 11. O-O O-O 12. Qd3 Rd8 13. Ne5 Rxd4 14. Qxd4 Nxd4
15. Rxf6 Nxe2+ 16. Kh1 b6 17. Rxf7 Ba6 18. c4 Bxc4 19. Re7 Bd5 20. Re8+ Kg7 21.
Na3 g5 22. Re7+ Kf6 23. Rxh7 Nf4 24. Nd7+ Nxd7 25. Rxd7 Bxg2+ 26. Kg1 Bh3 27.
Kf2 e5 28. Rd6+ Ne6 29. Rxc6 Rf8 30. Kg3 g4 31. Nc4 Kf5 32. Ne3+ Ke4 33. Rxe6
Rf3+ 34. Kh4 Rxe3 35. Re7 Kd3 36. Rg1 Re2 37. Rd7+ Kc2 38. Kg3 Re3+ 39. Kh4 Kxb2
40. Rd2+ Kc3 41. Rf2 Kd3 42. Rg3 e4 43. Rb2 Rxg3 44. hxg3 e3 45. Rh2 e2 46. Rh1
Kd2 47. Rh2 Kd1 48. Rxe2 Kxe2 49. a4 Kd3 50. Kg5 Kc4 51. Kf4 Kb4 52. Ke3 Kxa4
53. Kd4 b5 54. Kc3 a5 55. Kb2 b4 56. Ka2 b3+ 57. Kb2 Kb4 58. Ka1 a4 59. Kb2 Bf1
60. Ka1 a3 61. Kb1 Bd3+ 62. Ka1 b2+ 63. Ka2 Bc4+ 64. Kb1 Kc3 {White stalemated}
1/2-1/2  aics%

[Event "Team 45 45 League T31"]
[Site "Internet Chess Club"]
[Date "2006.06.22"]
[Round "1"]
[White "Tom45"]
[Black "thalamus"]
[Result "0-1"]
[WhiteElo "1181"]
[BlackElo "1168"]
[TimeControl "2700+45"]

1. e4 e5 2. Nf3 Nc6 3. Nc3 Nf6 4. Bc4 Nxe4 5. Nxe4 d5 6. Bxd5 Qxd5 7. d3 Be7 8.
O-O b6 9. Bd2 Bb7 10. Qe2 O-O-O 11. c4 Qd7 12. a3 Nd4 13. Nxd4 exd4 14. b4 c5
15. b5 f5 16. Ng5 Rdf8 17. Ne6 Rf6 18. Nxg7 Rg8 19. f3 Rxg7 20. Qf2 Bd6 21. g3
f4 22. g4 h5 23. h3 hxg4 24. fxg4 Rxg4+ 25. hxg4 Qxg4+ 26. Kh2 Rh6+ {White
resigns} 0-1  aics%

[Event "Team 45 45 League T31"]
[Site "Internet Chess Club"]
[Date "2006.06.23"]
[Round "1"]
[White "guyd52"]
[Black "rgadoury"]
[Result "0-1"]
[WhiteElo "1314"]
[BlackElo "1334"]
[TimeControl "2700+45"]

1. Nf3 d5 2. g3 Nc6 3. Bg2 Nf6 4. d3 e6 5. O-O Be7 6. Nbd2 O-O 7. b3 e5 8. e3
Bg4 9. Qe1 Bd6 10. Bb2 Re8 11. c4 e4 12. dxe4 dxe4 13. Ng5 Bf5 14. Bxf6 Qxf6 15.
Ngxe4 Bxe4 16. Bxe4 g6 17. Bxc6 bxc6 18. f4 Bc5 19. Rf3 Bb4 20. a3 Bxd2 21. Qxd2
Qxa1+ 22. Rf1 Qxa3 23. Qc3 Rab8 24. Ra1 Qxb3 25. Qxb3 Rxb3 26. Rxa7 Re7 27. Ra6
Rbxe3 28. Rxc6 Rc3 29. Kg2 f5 30. Kh3 Kg7 31. Kh4 h6 32. h3 Rce3 33. g4 R3e4 34.
Kg3 Re3+ 35. Kh4 fxg4 36. hxg4 Rf7 37. f5 g5+ 38. Kh5 Rh3# {White checkmated}
0-1  aics%

[Event "Team 45 45 League T31"]
[Site "Internet Chess Club"]
[Date "2006.06.21"]
[Round "1"]
[White "schweppz"]
[Black "Conjurer"]
[Result "0-1"]
[WhiteElo "1327"]
[BlackElo "1215"]
[TimeControl "2700+45"]

1. e4 c5 2. Nf3 d6 3. d4 cxd4 4. c3 Nf6 5. e5 dxe5 6. Nxe5 Qa5 7. Qxd4 Nc6 8.
Nxc6 bxc6 9. b4 Qc7 10. Bf4 Qd7 11. Qc4 g6 12. Be2 Bg7 13. O-O O-O 14. Bf3 Bb7
15. Nd2 Nd5 16. Bg5 Bxc3 17. Rad1 Bxb4 18. Bxd5 Bxd2 19. Bxc6 Qxc6 20. Qxc6 Bxc6
21. Rxd2 Rfd8 22. Rxd8+ Rxd8 23. Bxe7 Re8 24. Bb4 Bb5 25. Rb1 a6 26. g3 Re2 27.
a3 Kg7 28. Rc1 f5 29. Rc7+ Kh6 30. Bf8+ Kg5 31. Rxh7 Kg4 32. h3+ Kf3 33. Bc5
Re1+ 34. Kh2 Rc1 35. Be3 Ra1 36. Rh4 Rxa3 37. Rf4+ Ke2 38. h4 Ra1 39. Rc4 Bxc4
40. Bd4 Rf1 41. Kg2 Bd5+ 42. Kh2 Rh1# {White checkmated} 0-1  aics%

[Event "Team 45 45 League T31"]
[Site "Internet Chess Club"]
[Date "2006.06.25"]
[Round "1"]
[White "Havoc"]
[Black "JimGaming"]
[Result "1/2-1/2"]
[WhiteElo "1389"]
[BlackElo "1333"]
[TimeControl "2700+45"]

1. d4 d5 2. Nf3 Nf6 3. Bf4 Bg4 4. Ne5 Bh5 5. h3 Nbd7 6. g4 Bg6 7. e3 Nxe5 8.
dxe5 Ne4 9. f3 Ng3 10. Bxg3 e6 11. h4 f6 12. h5 Bf7 13. a3 c6 14. Nc3 Qb6 15.
Qc1 O-O-O 16. Bd3 d4 17. exd4 Qxd4 18. Qd2 fxe5 19. O-O-O g6 20. Bf2 Qf4 21.
Qxf4 exf4 22. Bxa7 Bd6 23. Ne4 Be7 24. Nc5 Bxc5 25. Bxc5 Rd5 26. Bb6 e5 27. hxg6
Rxd3 28. Rxd3 Bxg6 29. Rd2 Re8 30. Re1 Bf7 31. Ba5 Bd5 32. Bc3 Bxf3 33. Rxe5
Rxe5 34. Bxe5 b6 35. Bxf4 Bxg4 36. Rd6 Kb7 37. Rd7+ Bxd7 38. Kd2 h5 39. Ke3 h4
40. Bh2 h3 41. Kd4 Ka6 42. b4 b5 43. c3 Be6 44. Kc5 Kb7 45. Kd6 Bd5 46. Kc5 Bc4
47. a4 Bd3 48. a5 Be2 49. a6+ Kxa6 50. Kxc6 Bf1 51. Kc5 Be2 52. Kd4 Bf1 {Game
drawn by mutual agreement} 1/2-1/2  aics%

[Event "Team 45 45 League T31"]
[Site "Internet Chess Club"]
[Date "2006.06.24"]
[Round "1"]
[White "Cataclysm"]
[Black "WilmaP"]
[Result "1-0"]
[WhiteElo "1242"]
[BlackElo "1103"]
[TimeControl "2700+45"]

1. e4 c5 2. Nf3 e6 3. d4 cxd4 4. Nxd4 a6 5. c4 Qc7 6. Bd3 Nc6 7. Nxc6 Qxc6 8.
O-O Bd6 9. Bg5 f6 10. Bh4 Ne7 11. Nd2 Ng6 12. Qh5 Be5 13. Nf3 Bxb2 14. Rab1 Bc3
15. e5 Qc5 16. Bxg6+ hxg6 17. Qxh8+ Qf8 18. Qxf8+ Kxf8 19. exf6 gxf6 20. Rfd1
Rb8 21. Rb3 Ba5 22. Bxf6 b6 23. Ne5 b5 24. Rh3 {Black resigns} 1-0  aics%

[Event "Team 45 45 League T31"]
[Site "Internet Chess Club"]
[Date "2006.06.25"]
[Round "1"]
[White "BorgCollective"]
[Black "Avedldesierto"]
[Result "1/2-1/2"]
[WhiteElo "1876"]
[BlackElo "1726"]
[TimeControl "2700+45"]

1. f4 b6 2. Nf3 Bb7 3. e3 e6 4. b3 Nf6 5. Bb2 d6 6. Bb5+ Nbd7 7. O-O c6 8. Be2
h6 9. d3 c5 10. Qe1 Be7 11. Nbd2 Rc8 12. Qg3 O-O 13. c4 Ne8 14. e4 d5 15. exd5
exd5 16. cxd5 Bxd5 17. Ne5 Bh4 18. Qh3 Nxe5 19. Bxe5 Be6 20. f5 Bd5 21. Bf3 Bxf3
22. Rxf3 Bf6 23. Re1 Bxe5 24. Rxe5 Qd4+ 25. Rfe3 Qa1+ 26. Re1 Qxa2 27. R5e2 Qb2
28. Ne4 Qd4+ 29. Kh1 Nf6 30. Qg3 Rcd8 31. h3 Nxe4 32. dxe4 a5 33. Qc7 Qd6 34.
Qxd6 Rxd6 35. e5 Rd3 36. Re3 Rfd8 37. e6 Rxe3 38. Rxe3 Re8 39. e7 f6 40. Re6 b5
41. g4 Kf7 42. Rb6 b4 43. Rb5 Rxe7 44. Rxc5 Ra7 45. Rb5 Rd7 46. Rxa5 Rd3 47. Kg2
Rxb3 48. Ra7+ Kg8 49. Ra8+ Kh7 50. Rb8 Rb1 51. h4 b3 52. h5 Rb2+ 53. Kg1 Rb1+
54. Kg2 Rb2+ 55. Kg1 Re2 56. Rxb3 Re4 57. Rg3 Kg8 58. Kf2 Kf7 59. Kf3 Rc4 60.
Rg1 Rc3+ 61. Kf4 Rc4+ 62. Kg3 Rc3+ 63. Kf4 Rc4+ 64. Kf3 Ke7 65. Re1+ Kd7 66.
Rd1+ Kc6 67. Rd8 Rc3+ 68. Kf4 Ra3 69. Rg8 Ra4+ 70. Kf3 Ra3+ {Game drawn by
mutual agreement} 1/2-1/2  aics%

[Event "Team 45 45 League T31"]
[Site "Internet Chess Club"]
[Date "2006.06.24"]
[Round "1"]
[White "BartL"]
[Black "stakastra"]
[Result "1-0"]
[WhiteElo "1688"]
[BlackElo "1576"]
[TimeControl "2700+45"]

1. d4 d5 2. c4 Nf6 3. Nc3 e6 4. e3 a6 5. Nf3 Be7 6. Bd3 h6 7. O-O Nc6 8. cxd5
exd5 9. b3 Bg4 10. Bb2 O-O 11. Rc1 Re8 12. h3 Bh5 13. Na4 Bb4 14. a3 Bd6 15. Nc5
Rb8 16. Nxb7 Rxb7 17. Rxc6 Qd7 18. Rxa6 Bxf3 19. Qxf3 Rxb3 20. Qe2 Reb8 21. Rb1
Bxa3 22. Rxa3 Rxa3 23. Bxa3 Rxb1+ 24. Bxb1 Qa4 25. Qb2 Qd1+ 26. Kh2 g6 27. Bxg6
fxg6 28. Qb8+ Kf7 29. Qxc7+ Ke6 30. Qe7+ Kf5 31. Qe5# {Black checkmated} 1-0 
aics%

[Event "Team 45 45 League T31"]
[Site "Internet Chess Club"]
[Date "2006.06.23"]
[Round "1"]
[White "Trixi"]
[Black "Hastings"]
[Result "1-0"]
[WhiteElo "1452"]
[BlackElo "1308"]
[TimeControl "2700+45"]

1. e4 e5 2. Nf3 Nc6 3. Nc3 Nf6 4. Bb5 Bb4 5. O-O O-O 6. d3 d6 7. Bg5 Bxc3 8.
bxc3 Qe7 9. Re1 Nd8 10. d4 Ne6 11. Bc1 c5 12. Rb1 a6 13. Bc4 b5 14. Bd5 Bb7 15.
dxe5 Nxd5 16. exd6 Qxd6 17. c4 bxc4 18. Rxb7 Qc6 19. Qxd5 Qa4 20. Rb2 Rad8 21.
Qe5 Rfe8 22. Qc3 Rd7 23. Ne5 Rde7 24. Qxc4 Qxc4 25. Nxc4 h6 26. Bd2 Nd4 27. c3
Nb5 28. a4 Nc7 29. Nd6 Rd8 30. Nf5 Red7 31. Be3 Ne6 32. h3 Rd3 33. Rc1 Rd1+ 34.
Rxd1 Rxd1+ 35. Kh2 Ra1 36. Rb8+ Kh7 37. Nd6 f6 38. Nb7 Rb1 39. Re8 Nc7 40. Re7
Na8 41. Nxc5 Nb6 42. Nxa6 Nxa4 43. Bd4 Rc1 44. Bxf6 Rc2 {Black resigns} 1-0 
aics%

[Event "Team 45 45 League T31"]
[Site "Internet Chess Club"]
[Date "2006.06.23"]
[Round "1"]
[White "HoHo"]
[Black "pokerram"]
[Result "1-0"]
[WhiteElo "1674"]
[BlackElo "1700"]
[TimeControl "2700+45"]

1. d4 Nf6 2. Nf3 d6 3. e3 g6 4. Bd3 Bg7 5. Nbd2 O-O 6. O-O Nbd7 7. e4 e5 8. dxe5
Nxe5 9. Nxe5 dxe5 10. Nf3 Bg4 11. Be3 Qe7 12. Be2 Nxe4 13. h3 Be6 14. Qd3 Nc5
15. Qb5 b6 16. Rfd1 Rad8 17. Bxc5 Qxc5 18. Qxc5 bxc5 19. Ng5 Bd5 20. c4 Bc6 21.
Bf3 Bxf3 22. Nxf3 c6 23. Rac1 h6 24. Nd2 e4 25. Nxe4 Bxb2 26. Rb1 Bd4 27. Kf1
Rfe8 28. Nd2 Rd7 29. Nb3 Red8 30. Na5 Rc8 31. Rd3 f5 32. Rbd1 Kf7 33. Nb3 Rb7
34. Nxd4 cxd4 35. Rxd4 Rb2 36. Rd7+ Kf6 37. Rxa7 Re8 38. Re1 Rd8 39. Rae7 Rxa2
40. f4 Rd1 41. Re6+ Kf7 42. Rf6+ Kg7 43. Rxg6+ Kxg6 44. Rxd1 Kh5 45. Rd6 Ra6 46.
Kf2 Ra2+ 47. Kg3 c5 48. Rf6 Ra6 49. Rxf5+ {Black resigns} 1-0  aics%

[Event "Team 45 45 League T31"]
[Site "Internet Chess Club"]
[Date "2006.06.24"]
[Round "1"]
[White "Zzasrix"]
[Black "Cotesita"]
[Result "1-0"]
[WhiteElo "1568"]
[BlackElo "1587"]
[TimeControl "2700+45"]

1. c4 Nf6 2. Nc3 d5 3. cxd5 Nxd5 4. g3 e5 5. Bg2 Be6 6. Nf3 Nc6 7. O-O Be7 8. d3
Qd7 9. Ng5 Rd8 10. Nxe6 Qxe6 11. Qb3 Nxc3 12. bxc3 Qxb3 13. axb3 Bc5 14. Ba3 Bb6
15. Rfb1 f5 16. b4 Rd7 17. c4 Bd4 18. Bxc6 bxc6 19. Bb2 Kf7 20. Bxd4 exd4 21.
Rxa7 Re8 22. Kf1 g5 23. b5 cxb5 24. Rxb5 Kf6 25. Raa5 {Black resigns} 1-0  aics%

[Event "Team 45 45 League T31"]
[Site "Internet Chess Club"]
[Date "2006.06.25"]
[Round "1"]
[White "Pawndemonium"]
[Black "peterdiplaros"]
[Result "1-0"]
[WhiteElo "1585"]
[BlackElo "1452"]
[TimeControl "2700+45"]

1. Nf3 Nf6 2. g3 g6 3. Bg2 Bg7 4. O-O O-O 5. d4 e5 6. dxe5 Ng4 7. Bg5 Qe8 8. Nc3
Nxe5 9. Qd2 Nc4 10. Qf4 Nxb2 11. Rab1 Bxc3 12. Bh6 Bh8 13. Ng5 Be5 14. Qh4 Bf6
15. Bxf8 Bxg5 16. Qxg5 Nc4 17. Bh6 f5 18. Bd5+ {Black resigns} 1-0  aics%